 Dungeon Crawl Stone Soup version 0.21-a0-185-g3a6ed1e (webtiles) character file.

35 namelastname112 the Conjurer (level 3, 0/28 HPs)
             Began as a Draconian Conjurer on Aug 12, 2017.
             Succumbed to an adder's poison
             ... on level 1 of the Dungeon.
             The game lasted 00:01:32 (679 turns).

namelastname112 the Conjurer (Draconian Conjurer)    Turns: 679, Time: 00:01:33

Health: 0/28       AC:  5    Str: 10    XL:     3   Next: 16%
Magic:  0/6        EV: 12    Int: 16    God:
Gold:   22         SH:  0    Dex: 11    Spells: 3/6 levels left

rFire    . . .     SeeInvis .   h - +0 spear (curse)
rCold    . . .     Gourm    .   (no shield)
rNeg     . . .     Faith    .   (armour unavailable)
rPois    .         Spirit   .   (helmet restricted)
rElec    .         Reflect  .   (no cloak)
rCorr    .         Harm     .   (no gloves)
MR       .....                  (no boots)
Stlth    ++........             (no amulet)
HPRegen  0.09/turn              (no ring)
MPRegen  0.10/turn              (no ring)

@: lethally poisoned (0 -> -11)
A: unfitting armour, cold-blooded, AC +5
a: no special abilities


You were on level 1 of the Dungeon.
You were not hungry.

You visited 1 branch of the dungeon, and saw 1 of its levels.

You collected 22 gold pieces.

Inventory:

Hand Weapons
 h - a cursed +0 spear (weapon)
Scrolls
 e - a scroll of enchant armour {unknown}
Books
 a - a book of Conjurations

   Spells                             Type                      Level
   a - Magic Dart                     Conjuration                  1
   b - Searing Ray                    Conjuration                  2
   c - Dazzling Spray                 Conjuration/Hexes            3
   d - Fulminant Prism                Conjuration/Hexes            4
   e - Force Lance                    Conjuration/Translocation    4
   f - Iskenderun's Mystic Blast      Conjuration                  4
Comestibles
 b - 3 bread rations
 c - a royal jelly
 f - a meat ration


   Skills:
 + Level 1.0 Fighting
 + Level 2.1 Dodging
 - Level 1.7 Stealth
 + Level 2.3 Spellcasting
 * Level 4.4 Conjurations


You had 3 spell levels left.
You knew the following spells:

 Your Spells              Type           Power        Failure   Level  Hunger
x - Searing Ray           Conj           ###...       4%          2    ###....
z - Magic Dart            Conj           ###.         3%          1    #......


Dungeon Overview and Level Annotations

Branches:
Dungeon (1/15)

Altars:


Innate Abilities, Weirdness & Mutations

Your plain brown scales are hard. (AC +5)
You cannot fit into any form of body armour.
You are cold-blooded and may be slowed by cold attacks.


Message History

The adder poisons you!
You take 2 damage, and have 3/23 hp.
You hit the adder but do no damage.
The adder is almost dead.
* * * LOW HITPOINT WARNING * * *
You feel sick. The adder bites you but does no damage.
The adder completely misses you.
You take 1 damage, and have 2/23 hp.
You closely miss the adder.
The adder is almost dead.
* * * LOW HITPOINT WARNING * * *
You feel sick. The adder bites you but does no damage.
You take 1 damage, and have 1/23 hp.
You hit the adder.
You kill the adder!
You have reached level 3!
Your experience leads to an increase in your attributes!
Increase (S)trength, (I)ntelligence, or (D)exterity?
You feel clever.
Your scales feel tougher.
You die...

.......##.#.........#.....##.....
.......#............#.....##.###.
.......#............#K...........
.......#............#....(.......
.†...[.#............#g...........
.......#....#...#.###............
...#####....#...#(###.#.#........
...#...#....#...#................
................@.#..............
...............†#................
....#...........##...............
....#............'...............
....+...........##...#####.......
....#...........##...# #.......
....#...........##...# #.......
##+##...........###### .......
#.##...........# ######


There were no monsters in sight!

Vanquished Creatures
  A gnoll (D:1)
  An adder (D:1)
  A dart slug (D:1)
  3 giant cockroaches (D:1)
  3 goblins (D:1)
  A bat (D:1)
  2 frilled lizards (D:1)
  A kobold (D:1)
  3 rats (D:1)
16 creatures vanquished.

Notes
Turn   | Place    | Note
-------+----------+-------------------------------------------
     0 | D:1      | namelastname112 the Draconian Conjurer began the quest for the Orb.
     0 | D:1      | Reached XP level 1. HP: 14/14 MP: 3/3
   202 | D:1      | Reached XP level 2. HP: 22/22 MP: 0/5
   271 | D:1      | Learned a level 2 spell: Searing Ray
   527 | D:1      | Reached skill level 1 in Fighting
   678 | D:1      | HP: 1/23 [poisoned by an adder]
   679 | D:1      | Reached XP level 3. HP: 1/28 MP: 0/6
   679 | D:1      | Succumbed to an adder's poison

Vault maps used:
D:1:      lightli_arrival_quake

Skill      XL: |  1  2 |
---------------+-------+-----
Dodging        | 2 |  2.1
Fighting       | 1 |  1.0
Stealth        | |  1.7
Spellcasting   | |  2.3
Conjurations   | |  4.4

Action                   || total
-------------------------++-------
Melee: Unarmed           ||    13
       Tailslap          ||     4
       Spear             ||    16
 Cast: Magic Dart        ||    28
       Searing Ray       ||     2
  Use: Potion            ||     1
Armor: Skin              ||    12
Dodge: Dodged            ||    30
